Unix NetHack Version 3.7.0-62 Work-in-progress - last build Aug 7 2022 04:32:40 (f254b98e4f4e6c2f4e816e90bd3419c5233a8e5f,branch:master). Game began 2022-08-06 14:26:38, ended 2022-08-15 22:00:21. finitelycraig, chaotic female dwarven Valkyrie --- |... |.%. |... ... ... |.....%........ ----- |....%AVAA).... ...| ------...----- 5---------..-- --%-- |.......|...-- ..%. |...@...|....---...@A. |...@@..-..@..@A..... |.......|..A5---..... |.......|...-- ---------..-- 5 ...| ----- Finitelycraig the Warrior St:25 Dx:17 Co:19 In:13 Wi:16 Ch:10 Chaotic Astral Plane $:0 HP:268(290) Pw:19(19) AC:-12 Xp:16/327741 T:58375 Burdened Latest messages: You see here a statue of an Angel. You swap places with the priestess of Tyr. The air crackles around the renegade priest of Tyr. The Angel of Moloch points and curses at your displaced image. The Angel of Moloch points and curses at your displaced image. The high priest intones: "Pilgrim, you enter a sacred place!" The Angel of Moloch points at you, then curses. "Thy head is unfit for a mind flayer to munch upon!" The priestess of Moloch picks up a long sword. The priest of Odin wields a mace! The mace welds itself to the priest of Odin's hand! The Angel of Moloch points at you, then curses. You hit the priest of Odin with the cockatrice corpse. The priest of Odin is slowing down. The priest of Odin turns to stone. The Angel of Moloch points at you, then curses. You see here a statue of a priest. You hear a chugging sound. You stop. The high priest of Loki is in the way! You hear a chugging sound. You hear a mumbled curse. You stop. The high priest of Loki doesn't want to swap places. You stop. The high priest of Loki doesn't want to swap places. You stop. The high priest of Loki is in the way! What do you want to wield? [- ah or ?*] a - the blessed rustproof +7 Excalibur (weapon in hand). The Angel of Moloch picks up 50 stones. What do you want to use or apply? [bceh-krtWX or ?*] You have a little trouble removing an uncursed -2 helm of opposite alignment. Continue? [ynq] (q) You have a little trouble removing n - an uncursed -2 helm of opposite alignment. Your movements are slowed slightly because of your load. The Angel of Moloch points at you, then curses. The Angel of Moloch picks up a large shield. What do you want to take off? [flowD or ?*] You finish taking off your helm. What do you want to wear? [nw or ?*] The priestess of Moloch picks up 9 stones. You finish your dressing maneuver. Your mind oscillates briefly. You are blasted by Excalibur's power! You are blasted by the Orb of Fate's power! The helm of opposite alignment glows black for a moment. # What do you want to sacrifice? [O or ?*] You offer the Amulet of Yendor to Loki... An invisible choir sings, and you are bathed in radiance... The voice of Loki thunders: "Mortal, thou hast done well!" "In return for thy service, I grant thee the gift of Immortality!" You ascend to the status of Demigoddess... Major events: Turn 1: finitelycraig the lawful dwarven Valkyrie entered the dungeon 402: entered the Gnomish Mines 1107: attained the rank of Skirmisher (level 3) 3989: attained the rank of Fighter (level 6) 4645: reached Mine Town 7923: was bestowed with Mjollnir by Tyr 8455: made her first wish - "blessed greased +3 gray dragon scale mail", got "a greased gray dragon scale mail" 9290: entered Sokoban 9941: completed sokoban 2 10313: completed sokoban 3 11204: completed sokoban 4 11297: acquired the Sokoban bag of holding 14779: attained the rank of Woman-at-arms (level 10) 18304: killed Medusa 19887: performed her first genocide (master mind flayers) 21565: genocided class L 23873: has been given Excalibur, and now enjoys supreme executive power 25984: wished for "blessed fixed +3 shield of reflection", got "a polished silver shield" 27145: entered Gehennom 31382: attained the rank of Warrior (level 14) 32280: found the Orb of Fate on the floor 32471: killed Lord Surtur 32474: acquired the Bell of Opening 40119: bribed Asmodeus with 1220 zorkmids for safe passage 42797: wished for "magic marker", got "a magic marker" 43451: wished for "blessed fireproof +3 speed boots", got "a pair of mud boots" 46760: killed Juiblex 48336: bribed Baalzebub with 28 zorkmids for safe passage 48914: destroyed Vlad the Impaler 48917: acquired the Candelabrum of Invocation 50227: killed Orcus 50263: found Dragonbane on the floor 52823: killed the invisible Wizard of Yendor 52824: killed the invisible Wizard of Yendor (2nd time) 52825: acquired the Book of the Dead 53962: killed the invisible Wizard of Yendor (3rd time) 54239: performed the invocation 54371: killed the high priestess of Moloch 54373: acquired The Amulet of Yendor 55708: killed the Wizard of Yendor (5th time) 57234: entered the Elemental Planes 57234: entered Plane of Earth 57509: entered Plane of Air 57686: entered Plane of Fire 57793: entered Plane of Water 58295: entered the Astral Plane 58300: wished for "blessed cockatrice corpse", got "a cockatrice corpse" 58317: averted death (killed by Famine) 58375: ascended Inventory: Amulets ('"') A - a blessed amulet of life saving (being worn) Weapons (')') a - the blessed rustproof +7 Excalibur (weapon in hand) Armor ('[') w - a blessed greased rustproof +0 helm of brilliance n - a cursed -2 helm of opposite alignment (being worn) l - a blessed rustproof +2 pair of gauntlets of power (being worn) D - a blessed fireproof +0 pair of speed boots (being worn) f - a blessed +2 shield of reflection (being worn) o - an uncursed greased fireproof +0 cloak of displacement (being worn) K - a blessed +5 gray dragon scale mail (being worn) Comestibles ('%') p - a blessed cockatrice corpse U - an uncursed lizard corpse Spellbooks ('+') e - the uncursed Book of the Dead Rings ('=') m - a blessed ring of free action (on right hand) E - a blessed ring of shock resistance (on left hand) Wands ('/') c - an uncursed wand of cancellation (0:6) r - an uncursed wand of death (2:2) i - a blessed wand of wishing (1:2) Tools ('(') b - a blessed greased bag of holding containing 85 items j - an uncursed bugle X - the uncursed Bell of Opening (0:2) W - the blessed Orb of Fate (0:0) k - an uncursed skeleton key t - an uncursed wet towel h - an uncursed +0 unicorn horn Contents of the bag of holding: 90 gold pieces a blessed amulet of flying an uncursed amulet of flying the uncursed rustproof +3 Mjollnir an uncursed +0 pair of gauntlets of power an uncursed -3 pair of gauntlets of power a blessed +0 pair of water walking boots an uncursed +0 cloak of displacement an uncursed +0 Hawaiian shirt with a parrot motif an uncursed C-ration an uncursed carrot an uncursed clove of garlic an uncursed cream pie an uncursed eucalyptus leaf 4 uncursed fortune cookies 4 uncursed lembas wafers an uncursed pancake an uncursed pear 3 uncursed tripe rations an uncursed tin of displacer beast meat an uncursed tin of nurse meat an uncursed tin of umber hulk meat 3 uncursed lichen corpses 4 uncursed lizard corpses 3 uncursed lizard corpses 3 blessed scrolls of blank paper a blessed scroll of blank paper 9 uncursed scrolls of blank paper 3 uncursed scrolls of blank paper 2 cursed scrolls of blank paper an uncursed scroll of confuse monster 2 cursed scrolls of create monster a blessed scroll of destroy armor an uncursed scroll of earth 3 uncursed scrolls of fire a blessed scroll of identify an uncursed scroll of magic mapping 4 blessed scrolls of remove curse 5 uncursed scrolls of remove curse 2 uncursed scrolls of scare monster an uncursed scroll of taming 2 blessed scrolls of teleportation 3 cursed scrolls of teleportation 6 blessed potions of full healing 2 uncursed potions of full healing an uncursed potion of gain level a cursed potion of gain level 2 blessed potions of restore ability an uncursed potion of restore ability 2 blessed potions of speed 12 potions of holy water an uncursed potion of water 2 potions of unholy water a blessed ring of conflict a blessed ring of fire resistance a blessed ring of polymorph a blessed ring of polymorph control an uncursed ring of regeneration an uncursed ring of shock resistance an uncursed ring of slow digestion an uncursed ring of sustain ability an uncursed ring of teleport control an uncursed wand of cold (0:8) an uncursed wand of create monster (0:13) an uncursed wand of death (0:3) a blessed wand of digging (0:8) an uncursed wand of fire (0:8) an uncursed wand of fire (0:4) an uncursed wand of fire (0:4) an uncursed wand of lightning (0:5) an uncursed wand of lightning (0:3) an uncursed wand of locking (0:3) an uncursed wand of polymorph (0:6) an uncursed wand of polymorph (0:0) a blessed wand of striking (0:5) an uncursed wand of teleportation (0:8) an uncursed wand of teleportation (0:6) an uncursed wand of teleportation (0:4) an uncursed wand of wishing (0:2) an uncursed magic harp (0:5) an uncursed can of grease (0:10) an uncursed expensive camera (0:52) a blessed magic lamp an uncursed magic marker (0:25) an uncursed +0 pick-axe Finitelycraig the Valkyrie's attributes: Background: You were a Warrior, a level 16 dwarven Valkyrie. You were chaotic, temporarily on a mission for Loki who was opposed by Tyr (lawful) and Odin (neutral). You were actually lawful. You were in the endgame, on the Astral Plane. You entered the dungeon 58375 turns ago. It was nighttime. You had 327741 experience points, 312259 more were needed to attain level 17. Basics: You had 268 out of 290 hit points. You had all 19 energy points (spell power). Your armor class was -12. Your wallet was empty. Autopickup was off. Final Characteristics: Your strength was 25 (base:18/97, innate limit:18/100). Your dexterity was 17 (peak:19, limit:20). Your constitution was 19 (peak:20, limit:20). Your intelligence was 13 (limit:16). Your wisdom was 16 (limit:16). Your charisma was 10 (limit:16). Final Status: You were not hungry. You were burdened; movement was slightly slowed. You were wielding a long sword. You had expert skill with long sword. Final Attributes: You were fervently aligned. You were magic-protected. You were fire resistant. You were cold resistant. You were sleep resistant. You were disintegration-resistant. You were shock resistant. Your items were protected from electric shocks. You were poison resistant. You were level-drain resistant. You were telepathic. You were warned. You had automatic searching. You had infravision. You were displaced. You were stealthy. You were warded. You took half physical damage. You took half spell damage. You were very fast. You had reflection. You had free action. Your life would have been saved. You were lucky. You had extra luck. Good luck did not time out for you. You survived after being killed once. Miscellaneous: You disabled loading of bones levels. Total elapsed playing time was 14 hours, 35 minutes and 34 seconds. Vanquished creatures: Orcus Juiblex the Wizard of Yendor (6 times) Vlad the Impaler a high cleric a mastodon Medusa 9 krakens 2 iron golems 2 storm giants a glass golem 12 purple worms 5 gray dragons 2 gold dragons a silver dragon 6 red dragons 5 white dragons 2 orange dragons a black dragon a blue dragon a green dragon 5 yellow dragons 13 minotaurs a jabberwock Lord Surtur 7 baluchitheria 12 Angels a demilich 4 stone golems a master mind flayer 3 Olog-hai 2 Nazgul 7 pit fiends 2 sandestins 3 hell hounds 2 displacer beasts 5 titanotheres 3 trappers a baby gold dragon a guardian naga 4 genetic engineers 6 disenchanters 24 vampire leaders 4 skeletons 12 aligned clerics 3 captains 6 shades 3 liches 3 clay golems 9 nurses 6 ice devils 2 nalfeshnees 2 lurkers above 2 frost giants 4 ettins 4 black puddings 26 vampires 11 lieutenants 30 ghosts a queen bee 5 winged gargoyles 8 mind flayers 8 giant mimics 5 long worms 4 zruties 34 fire giants 11 ogre tyrants 7 rock trolls 12 umber hulks 4 flesh golems 7 elven monarchs 2 doppelgangers 11 hezrous 12 bone devils 10 large mimics 3 wumpuses 2 fire vortices 12 stalkers 16 air elementals 10 fire elementals 16 earth elementals 26 water elementals 4 hill giants 4 giant mummies 15 xorns 18 giant zombies 12 elf-nobles 29 sergeants 2 water demons 9 barbed devils 6 vrocks 3 salamanders 15 wargs 3 winter wolves 7 hell hound pups 10 small mimics 3 glass piercers 5 warhorses 7 steam vortices 10 xans 7 ettin mummies 7 ogre leaders 7 quantum mechanics 15 trolls a sasquatch 2 wood golems 2 erinyes a marilith 2 djinn 8 sharks 5 electric eels 3 gelatinous cubes 5 pyrolisks 2 large dogs 3 freezing spheres 9 flaming spheres 7 shocking spheres 3 large cats 7 tigers 3 gargoyles a dwarf ruler 6 ochre jellies 3 leocrottas 6 energy vortices 4 stone giants 4 elf mummies 4 human mummies 6 red nagas 4 pythons 8 pit vipers 6 cobras 47 wraiths 2 carnivorous apes 8 ettin zombies 6 leather golems 19 Grey-elves 90 soldiers 4 amorous demons 5 horned devils 10 chameleons a crocodile 13 giant beetles 4 quivering blobs 18 cockatrices a wolf 3 winter wolf cubs 2 lynxes a panther 8 gremlins a spotted jelly 70 leprechauns 6 orc-captains 5 iron piercers 3 mumakil 13 giant spiders 7 scorpions 6 horses 3 ice vortices a baby long worm 5 black lights 8 vampire bats 3 forest centaurs 2 gnome rulers 3 orc mummies 4 dwarf mummies 4 ogres 6 brown puddings 5 rust monsters 12 owlbears 4 yetis 3 gold golems 3 werewolves 13 Green-elves 5 piranha 19 giant eels 18 lizards 3 chickatrices 5 dingoes 2 dogs 3 housecats 4 jaguars 6 blue jellies 4 gray unicorns 2 black unicorns 8 dust vortices 2 ravens 7 plains centaurs 3 gnome mummies 5 snakes 10 apes 26 human zombies a rope golem 8 Woodland-elves 28 soldier ants 103 fire ants 22 bugbears 3 quasits 7 wood nymphs 5 water nymphs 4 mountain nymphs 29 Mordor orcs 20 Uruk-hai 5 orc shamans 8 rock piercers 6 rock moles 5 ponies 10 fog clouds 15 yellow lights 2 shriekers 5 violet fungi 3 gnome leaders 5 gnomish wizards 4 kobold mummies 3 gray oozes a barrow wight 25 elf zombies 11 ghouls 5 straw golems 2 paper golems 5 jellyfish 14 giant ants a little dog 8 floating eyes 5 kittens a dwarf 7 homunculi a kobold leader 7 kobold shamans 18 hill orcs 24 rothes a rabid rat 3 centipedes 7 giant bats 3 monkeys 13 orc zombies 15 dwarf zombies 3 wererats a werejackal 11 iguanas 31 killer bees an acid blob 2 coyotes a gas spore 3 hobbits 5 manes 23 hobgoblins 15 giant rats 5 cave spiders a brown mold a yellow mold 4 green molds a red mold 9 gnomes 8 garter snakes 9 gnome zombies 11 geckos 10 jackals a fox 7 kobolds 7 goblins 2 sewer rats 12 grid bugs 8 lichens 12 kobold zombies 14 newts 2096 creatures vanquished. Genocided or extinct species: master mind flayers liches demiliches master liches arch-liches Nazgul (extinct) erinyes (extinct) 5 species genocided. 2 species extinct. Voluntary challenges: You read items or engraved 85 times. You engraved Elbereth 11 times. You genocided 5 types of monsters. You never changed form. You used 5 wishes. You did not wish for any artifacts. You did not violate any of the special Sokoban rules. Achievements: You entered the Gnomish Mines. You attained the rank of Skirmisher. You entered a shop. You attained the rank of Fighter. You entered Minetown. You entered a temple. You entered Sokoban. You completed Sokoban. You attained the rank of Woman-at-arms. You defeated Medusa. You learned the tune to open and close the Castle's drawbridge. You entered Gehennom. You attained the rank of Warrior. You had the Bell of Opening. You handled the Candelabrum of Invocation. You had the Book of the Dead. You gained access to Moloch's Sanctum. You reached the Elemental Planes. You reached the Astral Plane. You delivered the Amulet of Yendor. You ascended! The Elemental Planes: Astral Plane: <- You are here. A temple to Loki. Plane of Water: Plane of Fire: Plane of Air: Plane of Earth: The Dungeons of Doom: levels 1 to 28 Level 1: One way stairs up to The Elemental Planes. Level 2: A fountain, a sink. Stairs down to The Gnomish Mines. Level 3: A scroll shop. Level 4: Level 5: A shop. Level 6: A sink. Level 7: Oracle of Delphi. Level 8: Stairs up to Sokoban, level 7. Level 9: An altar. Level 10: Level 11: Level 12: A grave. Level 13: Level 14: Portal to The Quest. Level 15: Level 16: A fountain. Level 17: A primitive area. Level 18: Level 19: Level 20: A fountain. Level 21: Level 22: "stash bottom chest" Level 23: A fountain, a grave. Level 24: Many graves. Level 25: A grave. Level 26: Level 27: Level 28: The castle (play notes "GABDD" to open or close drawbridge). Connection to Gehennom. Gehennom: levels 29 to 49 Level 29: A temple, many graves. Valley of the Dead. Level 30: Level 31: Level 32: Level 33: Level 34: Level 35: Level 36: Level 37: Level 38: Level 39: Level 40: Stairs up to Vlad's Tower, level 39. Level 41: Some shops, an altar, many graves. Level 42: Level 43: Level 44: Level 45: Level 46: Level 47: Level 48: Level 49: A temple, many graves. Moloch's Sanctum. The Gnomish Mines: levels 3 to 8 Level 3: Level 4: Level 5: Level 6: Many shops, a temple, some fountains. Level 7: Level 8: The Quest: levels 1 to 6 Level 1: A fountain. Completed quest for the Norn. Level 2: Level 3: Level 4: Level 5: Level 6: Sokoban: levels 7 up to 4 Level 4: Solved. Level 5: Solved. Level 6: Solved. Level 7: Unsolved. Vlad's Tower: levels 39 up to 37 Level 37: Level 38: Level 39: Farvel finitelycraig the Demigoddess... You went to your reward with 1411336 points, Excalibur (worth 4000 zorkmids and 10000 points) Mjollnir (worth 4000 zorkmids and 10000 points) The Book of the Dead (worth 10000 zorkmids and 25000 points) The Orb of Fate (worth 3500 zorkmids and 8750 points) The Bell of Opening (worth 5000 zorkmids and 12500 points) 2 amulets of flying (worth 300 zorkmids), 1 amulet of life saving (worth 150 zorkmids), and 90 pieces of gold, after 58375 moves. You were level 16 with a maximum of 290 hit points when you ascended.